 Dungeon Crawl Stone Soup version 0.28.0-43-g3370ac3207 (webtiles) character file.

Game seed: 5285062159268755757

220 tizbic2 the Shooter (level 5, -1/46 HPs)
             Began as a Deep Elf Hunter on Mar 12, 2022.
             Slain by Duvessa
             ... wielding a +0 short sword
              (6 damage)
             ... on level 4 of the Dungeon.
             The game lasted 00:14:15 (2457 turns).

tizbic2 the Shooter (Deep Elf Hunter)               Turns: 2457, Time: 00:14:16

Health: -1/46      AC: 22    Str: 11    XL:     5   Next: 64%
Magic:  7/7        EV:  2    Int: 16    God:
Gold:   97         SH:  0    Dex: 15    Spells: 4/4 levels left

rFire   . . .      SeeInvis .   b - +0 short sword
rCold   . . .      Faith    .   (no shield)
rNeg    . . .      Spirit   .   (armour currently unavailable)
rPois   +          Reflect  .   (helmet currently unavailable)
rElec   .          Harm     .   (cloak currently unavailable)
rCorr   .          Rampage  .   (gloves currently unavailable)
Will    .....      NoTele   +   (boots currently unavailable)
Stlth   ++........              (no amulet)
HPRegen 0.15/turn               t - +4 ring of evasion
MPRegen 0.10/turn               (no ring)

@: tree-form
A: stationary, stasis, torment immunity, boosted hp
a: no special abilities


You were on level 4 of the Dungeon.
You were a tree.
You visited 1 branch of the dungeon, and saw 4 of its levels.

You collected 97 gold pieces.

Inventory:

Hand Weapons
 a - a +1 shortbow
 b - a +0 short sword (weapon)
 o - a +0 long sword
Missiles
 d - 32 arrows
Armour
 c - a +0 leather armour
 k - a +1 buckler of protection
 m - a +0 ring mail (melded)
 n - a +0 scale mail
Jewellery
 t - a +4 ring of evasion (left branch)
Scrolls
 e - 6 scrolls of identify {unknown}
 g - a scroll of teleportation {unknown}
 h - a scroll of fear {unknown}
 l - a scroll of immolation {unknown}
 p - a scroll of amnesia {unknown}
 q - a scroll of enchant armour {unknown}
 r - a scroll of silence {unknown}
Potions
 f - a potion of resistance {unknown}
 j - a potion of curing {unknown}
 s - a potion of heal wounds {unknown}
 u - a potion of attraction {unknown}


   Skills:
 + Level 2.7 Fighting
 * Level 7.5 Bows
 + Level 4.1 Dodging
 - Level 1.3 Stealth


You had 4 spell levels left.
You didn't know any spells.
Your spell library was empty.

Dungeon Overview and Level Annotations

Branches:
Dungeon (4/15)
 Temple: D:4-7

Altars:

Annotations:
D:3 2 transporters, cookedgoose's ghost, amateur DsWr
D:4 Dowan; Duvessa


Message History

Fire: 34 arrows
Press: ? - help, Q - select action Shift-Dir - straight line, f/p - Duvessa
Aim: Duvessa, wielding a +0 short sword and wearing a +0 leather armour (almost dead, 68% to hit)
You shoot an arrow. The arrow barely misses Duvessa.
Duvessa hits you with a +0 short sword! Dowan gestures at you while chanting.
The puff of frost hits you.
Fire: 33 arrows
Press: ? - help, Q - select action Shift-Dir - straight line, f/p - Duvessa
Aim: Duvessa, wielding a +0 short sword and wearing a +0 leather armour (almost dead, 68% to hit)
You shoot an arrow. The arrow hits Duvessa.
Duvessa is almost dead.
Duvessa says, "When magic and the sword combine, nothing stands against them."
Duvessa hits you with a +0 short sword!
* * * LOW HITPOINT WARNING * * *
Really quaff the potion of lignification?
You turn into a tree.
Your +0 ring mail melds into your body.
Your roots penetrate the ground.
Duvessa says, "Beauty is only skin deep, and my weapons penetrate much further than that."
Duvessa hits you but does no damage.
Dowan throws and catches a handful of magical flame, then smirks.
Dowan hits you but does no damage.
Really attack while wielding your +1 shortbow? [Y]es or [N]o only, please.
Really attack while wielding your +1 shortbow?
Okay, then.
b - a +0 short sword (weapon)
You hit Duvessa but do no damage.
Duvessa is almost dead.
Duvessa hits you but does no damage. Dowan hits you but does no damage.
Duvessa hits you but does no damage.
You closely miss Duvessa.
Duvessa is almost dead.
Dowan hits you with a +0 dagger.
* * * LOW HITPOINT WARNING * * *
Duvessa hits you but does no damage.
You hit Duvessa.
Duvessa is almost dead.
Dowan hits you but does no damage. Duvessa hits you with a +0 short sword.
You die...

.... .. ..# #.
#.# #. #.# #.#
#<# #.. #.# #..
#.#
###.#..########.#
......e♣........#
.##.#.e##########
...(. .......
.#.(.## ..(..
.... (##.


You could see Duvessa and Dowan.

Vanquished Creatures
  Natasha (thrice) (D:3)
  2 orc wizards (D:3)
  2 adders
  5 dart slugs
  6 orcs
  7 endoplasms
  3 giant cockroaches
  2 goblins (D:1)
  8 hobgoblins
  4 kobolds
  4 quokkas
  2 ball pythons (D:3)
  4 bats
  4 frilled lizards
  A rat (D:3)
57 creatures vanquished.

Notes
Turn   | Place    | Note
-------+----------+-------------------------------------------
     0 | D:1      | tizbic2 the Deep Elf Hunter began the quest for the Orb.
     0 | D:1      | Reached XP level 1. HP: 12/12 MP: 3/3
   145 | D:1      | Reached XP level 2. HP: 17/17 MP: 4/4
   665 | D:1      | Reached skill level 6 in Bows
   665 | D:1      | Reached XP level 3. HP: 16/21 MP: 5/5
  1164 | D:3      | Noticed cookedgoose's ghost (amateur DsWr)
  1164 | D:3      | Found a transporter.
  1169 | D:3      | Noticed a necrophage
  1220 | D:3      | Reached XP level 4. HP: 26/26 MP: 6/6
  1242 | D:3      | Found a transporter.
  1622 | D:3      | Noticed Natasha
  1630 | D:3      | Killed Natasha
  1631 | D:3      | Reached skill level 7 in Bows
  1631 | D:3      | Reached XP level 5. HP: 28/31 MP: 7/7
  1669 | D:3      | Noticed Natasha
  1679 | D:3      | Killed Natasha
  1992 | D:3      | Noticed Natasha
  1999 | D:3      | Killed Natasha
  2440 | D:4      | Noticed Dowan
  2441 | D:4      | Noticed Duvessa
  2457 | D:4      | Slain by Duvessa

Illustrated notes

Levels and vault maps discovered:
D:1:      lightli_iron_boxes, layout_basic
D:2:      layout_rooms
D:3:      layout_basic, gammafunk_ghost_arena, chequers_garden,
          nicolae_figureground_sparkle, uniq_natasha
D:4:      layout_loops_ring, gammafunk_ghost_mausoleum, uniq_duvessa

Skill      XL: |  1  2  3  4  5 |
---------------+----------------+-----
Fighting       | 2 |  2.7
Dodging        | 3 4 |  4.1
Bows           | 6 7 |  7.5
Stealth        | |  1.3

Action                   |  1- 3 |  4- 6 || total
-------------------------+-------+-------++-------
Melee: Short sword       |    46 |    21 ||    67
       Long sword        |    22 |     2 ||    24
       Punch             |       |     1 ||     1
 Fire: Shortbow          |    78 |    66 ||   144
  Use: Potion            |       |     2 ||     2
 Stab: Sleeping          |     2 |       ||     2
Armor: Leather armour    |    14 |       ||    14
       Ring mail         |    16 |    12 ||    28
       Skin              |       |    15 ||    15
Dodge: Dodged            |    71 |    18 ||    89
